 Dungeon Crawl Stone Soup version 0.29.0-13-gc9e81de378 (webtiles) character file.

Game seed: 3162374716458927297

28019 groovy9 the Grappler (level 13, -13/136 HPs)
             Began as a Troll Berserker on Sept 7, 2022.
             Was a High Priest of Trog.
             Mangled by a komodo dragon simulacrum (19 damage)
             ... on level 3 of the Lair of Beasts on Sept 8, 2022.
             The game lasted 00:54:56 (11010 turns).

groovy9 the Grappler (Troll Berserker)             Turns: 11010, Time: 00:54:56

Health: -13/136    AC:  8    Str: 35    XL:     13   Next: 7%
Magic:  12/12      EV: 17    Int:  7    God:    Trog [*****.]
Gold:   1039       SH:  0    Dex: 10    Spells: 12/12 levels left

rFire   + . .      SeeInvis .     - Unarmed
rCold   . . .      Faith    .   (no shield)
rNeg    + . .      Spirit   .   u - +1 robe of Disappointment {rF++ Str+4}
rPois   +          Reflect  .   (helmet restricted)
rElec   .          Harm     .   o - +0 cloak
rCorr   .          Rampage  +   (gloves unavailable)
Will    .....      Clarity  +   (boots unavailable)
Stlth   +.........              z - amulet "Giwnel" {Rampage rPois rF- Regen+ Str+2}
HPRegen 1.92/turn               f - +4 ring of evasion
MPRegen 0.13/turn               L - ring of positive energy

@: mighty, about to teleport, studying Fighting
A: large, unfitting armour, claws 3, regeneration 1, shaggy fur 1, tough skin 1,
hooves 1, iridescent scales 1, clarity, clever 1
a: Renounce Religion, Berserk, Trog's Hand, Brothers in Arms


You were on level 3 of the Lair of Beasts.
You worshipped Trog.
Trog was extremely pleased with you.
You visited 2 branches of the dungeon, and saw 14 of its levels.

You collected 1039 gold pieces.

Inventory:

Hand Weapons
 x - a +2 morningstar of protection
Missiles
 s - 12 boomerangs
 M - 8 large rocks (quivered)
 O - 11 javelins
Armour
 o - a +0 cloak (worn)
 u - the +1 robe of Disappointment (worn) {rF++ Str+4}
   (You found it on level 5 of the Dungeon)

   Str:       It affects your strength (+4).
   rF:        It greatly protects you from fire.
Jewellery
 f - a +4 ring of evasion (left claw)
 v - a ring of resist corrosion
 z - the amulet "Giwnel" (around neck) {Rampage rPois rF- Regen+ Str+2}
   (You found it on level 7 of the Dungeon)

   [amulet of regeneration]

   Str:       It affects your strength (+2).
   rF:        It makes you vulnerable to fire.
   rPois:     It protects you from poison.
   Regen:     It increases your rate of health regeneration.
   Rampage:   It bestows one free step when moving towards enemies.
 L - a ring of positive energy (right claw)
 P - an amulet of reflection
Wands
 h - a wand of digging (4)
 k - a wand of roots (15)
 m - a wand of acid (10)
 t - a wand of flame (27)
 A - a wand of polymorph (12)
 G - a wand of paralysis (5)
Scrolls
 a - 2 scrolls of summoning
 c - 4 scrolls of teleportation
 n - a scroll of immolation
 p - 2 scrolls of identify
 r - 3 scrolls of fear
 w - 3 scrolls of poison
 y - 2 scrolls of enchant armour
 B - 3 scrolls of fog
 D - 2 scrolls of silence
 H - a scroll of enchant weapon
 I - a scroll of magic mapping
 K - a scroll of vulnerability
 R - a scroll of noise
Potions
 b - 4 potions of cancellation
 d - a potion of haste
 e - 4 potions of attraction
 g - 2 potions of heal wounds
 i - 6 potions of lignification
 j - 4 potions of brilliance
 l - 4 potions of degeneration
 q - 7 potions of curing
 C - 2 potions of ambrosia
 F - a potion of flight
 J - a potion of resistance
 N - a potion of berserk rage
 Q - a potion of invisibility


   Skills:
 + Level 10.8 Fighting
 + Level 5.8 Throwing
 + Level 10.4 Dodging
 + Level 12.2 Unarmed Combat
 - Level 5.0 Evocations


You had 12 spell levels left.
You didn't know any spells.
Your spell library was empty.

Dungeon Overview and Level Annotations

Branches:
Dungeon (11/15)            Temple (0/1) D:6            Lair (2/5) D:11
    Orc (0/2) D:9
  Swamp: Lair:2-3    Shoals: Lair:2-3     Snake: Lair:2-3    Spider: Lair:2-3

Altars:
Ashenzari
Cheibriados
Elyvilon
Fedhas
Hepliaklqana
Makhleb
Qazlal
Trog
Vehumet
Wu Jian
Yredelemnul
The Shining One


Innate Abilities, Weirdness & Mutations

You are too large for most types of armour.
You have claws for hands.
Your natural rate of healing is unusually fast.
You are covered in fur. (AC +1)
You have tough skin. (AC +1)
You have large cloven feet.
You are partially covered in iridescent scales. (AC +2)
You possess an exceptional clarity of mind.
Your mind is acute. (Int +4, Str/Dex -1)


Message History

The komodo dragon simulacrum completely misses you.
You completely miss the spectral death yak.
The spectral death yak is lightly damaged.
The spectral death yak gores you but does no damage.
You mangle the spectral death yak!! You kick the spectral death yak!
The spectral death yak is heavily damaged.
The komodo dragon simulacrum closely misses you.
The spectral death yak closely misses you.
You eviscerate the spectral death yak!!!
You kick the spectral death yak!
You destroy the spectral death yak!
Trog accepts your kill.
The seven-headed hydra simulacrum bites you but does no damage. x2
The seven-headed hydra simulacrum closely misses you.
The seven-headed hydra simulacrum bites you!
The seven-headed hydra simulacrum freezes you!
The seven-headed hydra simulacrum bites you!
The seven-headed hydra simulacrum freezes you!!
The seven-headed hydra simulacrum bites you.
The seven-headed hydra simulacrum freezes you!!
* * * LOW HITPOINT WARNING * * *
The seven-headed hydra simulacrum barely misses you.
The komodo dragon simulacrum closely misses you.
You feel much better.
The seven-headed hydra simulacrum bites you.
The seven-headed hydra simulacrum freezes you!!
The seven-headed hydra simulacrum closely misses you.
The seven-headed hydra simulacrum barely misses you.
The seven-headed hydra simulacrum bites you.
* * * LOW HITPOINT WARNING * * *
The seven-headed hydra simulacrum freezes you!!
* * * LOW HITPOINT WARNING * * *
The seven-headed hydra simulacrum closely misses you.
The seven-headed hydra simulacrum bites you but does no damage.
The seven-headed hydra simulacrum barely misses you.
As you read the scroll of teleportation, it crumbles to dust.
You feel strangely unstable. The komodo dragon simulacrum bites you!
* * * LOW HITPOINT WARNING * * *
The komodo dragon simulacrum freezes you!!
You die...

#..###.....# ## #..# ###..##
#### .## #####..# #...####..#
#.#### ###..##..# #....##...#
.##..###........## ###....##.#
........#######..### ##....#..#
........#.#.#.#..^.# #....#.#.#
####...##.....#....####..###..#
# ##...##$...'Z@...##P..####.##
# ##..#.?...'.Z........#.#...#
# #..##!...'...#...#....#...# #
#..#....?#..####.......#..# #
#.##.#.#.#### ####...##..# #
########## #....##.## ########
#....###.# ....##.#
#####...##..# ......##
#.###....#.##


You could see a komodo dragon simulacrum and a seven-headed hydra simulacrum.

Vanquished Creatures
  The ghost of ebering the Spear-Bearer, a journeyman OpCA of Ignis (Lair:3)
  A boulder beetle (D:11)
  A hydra (Lair:1)
  4 death yaks (Lair:1)
  A spectral death yak (Lair:3)
  Amaemon (D:8)
  A manticore (D:11)
  2 cyclopes (D:11)
  6 elephants (Lair:3)
  2 molten gargoyles (Lair:3)
  3 torpor snails (Lair:3)
  An orange demon (D:8)
  Maggie (D:8)
  An unseen horror (D:9)
  2 cane toads
  3 komodo dragons
  2 rime drakes
  4 trolls
  Grinder (D:3)
  5 blink frogs
  Sigmund (D:5)
  2 shadows (D:9)
  3 wraiths
  34 yaks
  3 basilisks
  6 wyverns
  3 steam dragons
  3 vampire mosquitoes (D:10)
  Menkaure (D:6)
  An acid dragon (D:10)
  7 water moccasins
  A sky beast (D:7)
  An ice beast (D:8)
  2 ogres (D:6)
  4 wolves (Lair:3)
  3 centaurs
  2 phantoms
  6 bullfrogs
  2 necrophages
  2 gnoll sergeants
  2 scorpions (D:5)
  11 wights
  3 troll zombies (D:9)
  5 killer bees (D:9)
  2 howler monkeys (D:9)
  5 lava snakes (Lair:3)
  4 orc priests
  6 jellies
  3 hounds
  4 iguanas
  Natasha (thrice) (D:4)
  11 orc wizards
  5 ogre zombies (D:9)
  9 gnolls
  9 adders
  A shadow imp (D:7)
  2 white imps
  4 worms
  A dart slug (D:5)
  33 orcs
  10 ball pythons
  4 endoplasms
  2 giant cockroaches
  11 goblins
  3 hobgoblins (D:2)
  2 kobolds
  2 quokkas
  6 bats
  A frilled lizard (D:3)
  3 goblin zombies (D:9)
  3 hobgoblin zombies (D:9)
  3 orc skeletons (D:9)
  14 orc zombies (D:9)
  3 rats
320 creatures vanquished.

Vanquished Creatures (collateral kills)
  A spectral dream sheep (Lair:3)
  A spectral black mamba (Lair:3)
  A hydra simulacrum (Lair:3)
3 creatures vanquished.

Vanquished Creatures (others)
  A hobgoblin skeleton (D:9)
  An orc zombie (D:9)
  10 fungi
  19 plants
31 creatures vanquished.

Grand Total: 354 creatures vanquished

Notes
Turn   | Place    | Note
-------+----------+-------------------------------------------
     0 | D:1      | groovy9 the Troll Berserker began the quest for the Orb.
     0 | D:1      | Reached XP level 1. HP: 22/22 MP: 0/0
   360 | D:1      | Reached XP level 2. HP: 29/29 MP: 1/1
   885 | D:2      | Reached XP level 3. HP: 36/36 MP: 2/2
   911 | D:2      | Found a faded altar of an unknown god.
  1073 | D:2      | Reached ** piety under Trog
  1463 | D:3      | Reached XP level 4. HP: 45/45 MP: 3/3
  1495 | D:3      | Noticed Grinder
  1511 | D:3      | Paralysed by Grinder for 2 turns
  1516 | D:3      | Killed Grinder
  1517 | D:3      | Reached skill level 4 in Unarmed Combat
  1517 | D:3      | Reached XP level 5. HP: 35/54 MP: 4/4
  1517 | D:3      | Reached XP level 6. HP: 41/62 MP: 5/5
  2276 | D:4      | Noticed Natasha
  2281 | D:4      | Killed Natasha
  2348 | D:4      | Noticed Natasha
  2359 | D:4      | Killed Natasha
  2360 | D:4      | Reached skill level 5 in Unarmed Combat
  2395 | D:4      | Noticed Natasha
  2401 | D:4      | Killed Natasha
  2402 | D:4      | Reached XP level 7. HP: 62/70 MP: 6/6
  2459 | D:4      | Found a blossoming altar of Fedhas.
  2505 | D:4      | Found a burning altar of Makhleb.
  2801 | D:4      | Found a stormy altar of Qazlal.
  2835 | D:4      | Gained mutation: You have hidden genetic potential. [potion
                  | of mutation]
  2835 | D:4      | Gained mutation: You are partially covered in iridescent
                  | scales. (AC +2) [potion of mutation]
  2835 | D:4      | Gained mutation: You have large cloven feet. [potion of
                  | mutation]
  2886 | D:5      | Entered Level 5 of the Dungeon
  3042 | D:5      | Reached *** piety under Trog
  3259 | D:5      | Noticed Sigmund
  3283 | D:5      | Killed Sigmund
  3284 | D:5      | Reached skill level 5 in Fighting
  3284 | D:5      | Reached skill level 5 in Dodging
  3284 | D:5      | Reached skill level 6 in Unarmed Combat
  3284 | D:5      | Reached XP level 8. HP: 80/80 MP: 7/7
  3299 | D:5      | Gained mutation: Your mind is acute. (Int +4, Str/Dex -1)
                  | [hidden potential]
  3575 | D:5      | Identified the +1 robe of Disappointment {rF++ Str+4}
  3832 | D:6      | Reached skill level 7 in Unarmed Combat
  3835 | D:6      | Noticed Menkaure
  3843 | D:6      | Killed Menkaure
  4261 | D:6      | Reached XP level 9. HP: 83/89 MP: 8/8
  4299 | D:6      | Found a staircase to the Ecumenical Temple.
  4467 | D:7      | Gained mutation: You possess an exceptional clarity of
                  | mind. [hidden potential]
  4467 | D:7      | Lost mutation: You have hidden genetic potential. [hidden
                  | potential expressed]
  4471 | D:7      | Identified the amulet "Giwnel" {Rampage rPois rF- Regen+
                  | Str+2}
  4717 | D:7      | Reached skill level 8 in Unarmed Combat
  4779 | D:7      | Found a radiant altar of Vehumet.
  4852 | D:7      | Found a snail-covered altar of Cheibriados.
  5123 | D:8      | Noticed Maggie
  5132 | D:8      | Killed Maggie
  5240 | D:8      | Noticed Amaemon
  5253 | D:8      | Noticed an orange demon
  5268 | D:8      | Killed Amaemon
  5270 | D:8      | Killed an orange demon
  5271 | D:8      | Reached XP level 10. HP: 100/102 MP: 9/9
  5280 | D:8      | Reached skill level 9 in Unarmed Combat
  5338 | D:8      | Reached **** piety under Trog
  5676 | D:9      | Reached skill level 1 in Evocations
  5828 | D:9      | Found a staircase to the Orcish Mines.
  5858 | D:9      | Reached ***** piety under Trog
  5970 | D:9      | Reached skill level 10 in Unarmed Combat
  6215 | D:9      | Found a hazy altar of Hepliaklqana.
  6221 | D:9      | Found an ornate altar of the Wu Jian Council.
  6222 | D:9      | Found a bloodstained altar of Trog.
  6225 | D:9      | Found a glowing golden altar of the Shining One.
  6226 | D:9      | Found a broken altar of Ashenzari.
  6428 | D:10     | Entered Level 10 of the Dungeon
  6451 | D:9      | Reached XP level 11. HP: 110/113 MP: 10/10
  6888 | D:10     | Found a basalt altar of Yredelemnul.
  6952 | D:10     | Found a white marble altar of Elyvilon.
  7710 | D:11     | Found a staircase to the Lair.
  8144 | D:11     | Reached skill level 1 in Throwing
  8144 | D:11     | Reached skill level 11 in Unarmed Combat
  8290 | Lair:1   | Entered Level 1 of the Lair of Beasts
  8290 | Lair:1   | Noticed a boulder beetle
  8336 | D:11     | Killed a boulder beetle
  8417 | Lair:1   | Reached XP level 12. HP: 124/124 MP: 11/11
  8464 | Lair:1   | Noticed a death yak
  8464 | Lair:1   | Noticed a death yak
  8466 | Lair:1   | Noticed a death yak
  8468 | Lair:1   | Noticed a death yak
  8473 | Lair:1   | Killed a death yak
  8477 | Lair:1   | Killed a death yak
  8480 | Lair:1   | Killed a death yak
  8485 | Lair:1   | Killed a death yak
  8486 | Lair:1   | Reached skill level 5 in Evocations
  8702 | Lair:1   | Noticed a six-headed hydra
  8709 | Lair:1   | Killed a six-headed hydra
  9319 | Lair:2   | Found an ornate altar of the Wu Jian Council.
  9584 | Lair:2   | You fall into a shaft and drop 1 floor!
  9896 | Lair:3   | Found a snail-covered altar of Cheibriados.
  9906 | Lair:3   | Reached skill level 10 in Fighting
  9909 | Lair:3   | Reached skill level 10 in Dodging
 10061 | Lair:3   | Found a gate leading to a gauntlet.
 10113 | Lair:3   | Reached skill level 5 in Throwing
 10122 | Lair:3   | Reached skill level 12 in Unarmed Combat
 10201 | Lair:3   | Received a gift from Trog
 10290 | Lair:3   | Found a runed translucent gate.
 10291 | Lair:3   | Found a runed translucent gate.
 10292 | Lair:3   | Found a runed translucent gate.
 10294 | Lair:3   | Noticed ebering's ghost (journeyman OpCA)
 11001 | Lair:3   | Reached XP level 13. HP: 135/135 MP: 12/12
 11003 | Lair:3   | Killed ebering's ghost
 11010 | Lair:3   | HP: 6/136 [komodo dragon simulacrum (7)]
 11010 | Lair:3   | Mangled by a komodo dragon simulacrum

Illustrated notes

Levels and vault maps discovered:
D:1:      dpeg_arrival_pits, layout_basic
D:2:      layout_rooms, ebering_ecumenical_altar_ruins
D:3:      layout_basic, nrook_mini_vaults, uniq_grinder
D:4:      layout_rooms, mainiacjoe_overflow_brackets,
          mainiacjoe_overflow_big_doors, hangedman_decor_riveting, uniq_natasha
D:5:      layout_cave_pods, uniq_sigmund
D:6:      layout_loops_ring, minmay_temple_entry_nine_rooms, uniq_menkaure
D:7:      layout_basic, lemuel_doored_altar, nicolae_vehumet_altar_sigil
D:8:      layout_rooms, uniq_amaemon, uniq_maggie
D:9:      layout_loops_cross, minitemple, zombieorc2_lemuel,
          grunt_decor_arrowhead
D:10:     wander_river, layout_gridville, kennysheep_ying_yang
D:11:     layout_roguey, minmay_lair_entry_grove
Lair:1:   layout_small_grid, grunt_forest_small_clearing_treed,
          lemuel_fruit_tree, grunt_megastairs_2
Lair:2:   layout_long_grid, elwin_shoals_entry_rocks,
          guppyfry_snake_entry_garden, basic_altar, infiniplex_staircase_pool
Lair:3:   cheibrodos_magma_flow, layout_layer_cave, gammafunk_ghost_necromancy,
          gauntlet_entry_generic, kennysheep_snail_temple

Skill      XL: |  1  2  3  4  5  6  7  8  9 10 11 12 |
---------------+-------------------------------------+-----
Fighting       | 3 4 5 6 7 8 9 10 | 10.8
Dodging        | 3 4 5 6 7 8 9 10 | 10.4
Unarmed Combat | 4 5 6 7 8 10 11 12 | 12.2
Evocations     | 3 4 5 |  5.0
Throwing       | 2 5 |  5.8

Action                   |  1- 3 |  4- 6 |  7- 9 | 10-12 | 13-15 || total
-------------------------+-------+-------+-------+-------+-------++-------
Melee: Unarmed           |   111 |    76 |   245 |   507 |     8 ||   947
       Punch             |     1 |     2 |     9 |    38 |       ||    50
       Kick              |       |       |    52 |   165 |     3 ||   220
Throw: Large rock        |       |       |       |     9 |       ||     9
Invok: Berserk           |     1 |     4 |     6 |    10 |       ||    21
       Trog's Hand       |       |     1 |     6 |     4 |       ||    11
       Brothers in Arms  |       |       |       |     1 |       ||     1
  Use: Scroll            |     9 |     1 |     4 |    10 |     1 ||    25
       Potion            |     3 |       |     4 |     1 |     1 ||     9
 Stab: Sleeping          |       |     1 |       |       |       ||     1
       Distracted        |       |       |       |       |     1 ||     1
Armor: Animal skin       |    36 |    18 |    16 |       |       ||    70
       Robe              |       |       |    51 |    77 |     6 ||   134
Dodge: Dodged            |    83 |    42 |   136 |   347 |    11 ||   619
